 Dungeon Crawl Stone Soup version 0.24.0-13-gcf9b319 (webtiles) character file.

Game seed: 17228420758141640010, levelgen mode: deterministic

7 Doobh the Vexing (level 1, 0/7 HPs)
             Began as a Felid Enchanter on Jan 5, 2020.
             Slain by a hobgoblin (3 damage)
             ... on level 1 of the Dungeon.
             The game lasted 00:00:42 (132 turns).

Doobh the Vexing (Felid Enchanter)                   Turns: 132, Time: 00:00:43

Health: 0/7        AC:  1    Str:  4    XL:     1   Next: 83%
Magic:  4/4        EV: 18    Int: 16    God:
Gold:   0          SH:  0    Dex: 16    Spells: 3/4 levels left
                                        Lives:  0   Deaths: 0

rFire    . . .     SeeInvis +     - Unarmed
rCold    . . .     Gourm    .   (shield unavailable)
rNeg     . . .     Faith    .   (armour unavailable)
rPois    .         Spirit   .   (helmet unavailable)
rElec    .         Reflect  .   (cloak unavailable)
rCorr    .         Harm     .   (gloves unavailable)
MR       .....                  (boots unavailable)
Stlth    +++.......             (no amulet)
HPRegen  0.02/turn              (no ring)
MPRegen  0.09/turn              (no ring)

@: quick
A: very small, no armour, no weapons or thrown items, stealth, claws 1, fangs 3,
see invisible, carnivore, speed 1, shaggy fur 1, slow metabolism 1, sharp paws
a: no special abilities


You were on level 1 of the Dungeon.
You were very full.

You visited 1 branch of the dungeon, and saw 1 of its levels.

Inventory:

Scrolls
 a - a scroll of noise {unknown}
Comestibles
 b - 3 rations


   Skills:
 + Level 0.2 Fighting
 + Level 2.7 Dodging
 + Level 4.0 Stealth
 + Level 1.0 Unarmed Combat
 + Level 2.1 Spellcasting
 + Level 4.7 Hexes


You had 3 spell levels left.
You knew the following spells:

 Your Spells              Type           Power        Failure   Level  Hunger
a - Corona                Hex            ###....      3%          1    #......

Your spell library contained the following spells:

 Spells                   Type           Power        Failure   Level  Hunger
 Confuse                  Hex            ###.....     9%          3    ###....
 Tukima's Dance           Hex            ###.....     9%          3    ###....
 Ensorcelled Hibernation  Hex/Ice        #.....       12%         2    ###....
 Dazzling Spray           Conj/Hex       #.....       24%         3    ###....


Dungeon Overview and Level Annotations

Branches:
Dungeon (1/15)

Altars:


Innate Abilities, Weirdness & Mutations

You cannot wear armour.
You are incapable of wielding weapons or throwing items.
Your paws allow you to move quietly. (Stealth)
You have sharp claws.
You have razor-sharp teeth.
You have supernaturally acute eyesight. (SInv)
You are carnivorous and can eat meat at any time.
You cover ground quickly.
You are covered in fur. (AC +1)
You have a slow metabolism.
Your sharp claws are effective at attacking unaware monsters.


Message History

Things that are here:
2 stones; a kobold corpse
Found 10 gold pieces.
A goblin comes into view.
The goblin shouts!
You scratch the goblin.
You kill the goblin!
A hobgoblin comes into view.
You closely miss the hobgoblin. Your bite misses the hobgoblin.
The hobgoblin completely misses you.
You closely miss the hobgoblin. The hobgoblin hits you.
You scratch the hobgoblin but do no damage.
The hobgoblin hits you but does no damage.
You scratch the hobgoblin but do no damage.
The hobgoblin hits you.
You scratch the hobgoblin but do no damage.
The hobgoblin closely misses you.
You closely miss the hobgoblin. The hobgoblin hits you.
You closely miss the hobgoblin. The hobgoblin hits you.
You die...

....#..≈.. #.........
..≈....≈.. #........
...≈..≈≈≈. #........
#.....≈≈≈≈≈≈ #........
....≈≈≈≈...≈ ........#
..≈≈≈≈≈..<.. ........#
#.....≈≈≈≈...≈ .......g#
#.#.....≈≈≈≈≈≈ .......@#
#$##...≈..≈≈≈. ........#
#.#8..≈....≈..
........###.#.....#..≈..
................####...#
..............#######.##
........................
####################..)#
#.#.# #÷#.#


You could see a hobgoblin.

Vanquished Creatures
  A bat (D:1)
  2 goblins (D:1)
  A hobgoblin (D:1)
  A kobold (D:1)
  A rat (D:1)
6 creatures vanquished.

Notes
Turn   | Place    | Note
-------+----------+-------------------------------------------
     0 | D:1      | Doobh the Felid Enchanter began the quest for the Orb.
     0 | D:1      | Reached XP level 1. HP: 7/7 MP: 4/4
   132 | D:1      | Slain by a hobgoblin

Levels and vault maps discovered:
D:1:      eino_arrival_water_star, layout_basic, minmay_heptomino_w4

Action                   || total
-------------------------++-------
Melee: Unarmed           ||    18
 Stab: Sleeping          ||     2
  Eat: Chunk             ||     5
Armor: Skin              ||     3
Dodge: Dodged            ||     8
